 Dungeon Crawl Stone Soup version 0.30.0-19-g36f170ea60 (webtiles) character file.

Game seed: 14607455727731497776

43271 Peloso the Peltast (level 13, 0/118 HPs)
             Began as a Minotaur Fighter on May 26, 2023.
             Was an Elder of Okawaru.
             Slain by Rupert
             ... wielding a +3 great sword of electrocution
              (6 damage)
             ... on level 11 of the Dungeon.
             The game lasted 00:47:22 (19339 turns).

Peloso the Peltast (Minotaur Fighter)              Turns: 19339, Time: 00:47:23

Health: 0/118      AC: 28    Str: 29    XL:     13   Next: 89%
Magic:  11/13      EV: 12    Int:  1    God:    Okawaru [****..]
Gold:   1067       SH: 21    Dex: 13    Spells: 12/12 levels left

rFire   + . .        c - +3 falchion "Ylom" {freeze, rElec rN+ rCorr Int-4 Stlth+}
rCold   + . .        d - +0 kite shield
rNeg    + + .        w - +1 plate armour {rN+}
rPois   .            n - +1 hat
rElec   +            X - scarf {rC+ rF+}
rCorr   +            l - +1 pair of gloves
SInv    .            x - +0 pair of boots
Will    .....        K - amulet of reflection Stlth
                     u - +4 ring of protection
HPRegen 0.39/turn    G - +6 ring of strength
MPRegen 0.13/turn

%: reflection
@: about to teleport, heroic
A: horns 2, retaliatory headbutt
a: Renounce Religion, Heroism, Finesse


You were on level 11 of the Dungeon.
You worshipped Okawaru.
Okawaru was greatly pleased with you.
You visited 3 branches of the dungeon, and saw 17 of its levels.
You visited the Abyss 1 time.
You also visited: Ossuary, Gauntlet and Volcano.

You collected 1067 gold pieces.

Inventory:

Hand Weapons
 a - a +1 falchion of flaming
 b - the +1 falchion of Dapelof {venom, Will+ Str+7 Int-2 Dex-4}
   (You found it on level 11 of the Dungeon)

   Str:       It affects your strength (+7).
   Int:       It affects your intelligence (-2).
   Dex:       It affects your dexterity (-4).
   Will:      It increases your willpower.
 c - the +3 falchion "Ylom" (weapon) {freeze, rElec rN+ rCorr Int-4 Stlth+}
   (You found it on level 4 of the Lair of Beasts)

   Int:       It affects your intelligence (-4).
   rElec:     It insulates you from electricity.
   rN:        It protects you from negative energy.
   rCorr:     It protects you from acid and corrosion.
   Stlth:     It makes you more stealthy.
Armour
 d - a +0 kite shield (worn)
 l - a +1 pair of gloves (worn)
 n - a +1 hat (worn)
 w - a +1 plate armour of positive energy (worn)
 x - a +0 pair of boots (worn)
 N - a +0 cloak of willpower
 S - the +0 plate armour of Inliups {+Blink rF++ rC- Will+}
   (Okawaru gifted it to you on level 8 of the Dungeon)

   rF:        It greatly protects you from fire.
   rC:        It makes you vulnerable to cold.
   +Blink:    It lets you blink.
   Will:      It increases your willpower.
 X - a scarf of resistance (worn)
Jewellery
 u - a +4 ring of protection (left hand)
 y - a ring of ice
 C - a +6 ring of intelligence
 F - a ring of protection from cold
 G - a +6 ring of strength (right hand)
 K - an amulet of reflection (around neck)
 M - a ring of positive energy
 O - a ring of wizardry
 Q - a ring of fire
Wands
 E - a wand of polymorph (7)
 P - a wand of roots (4)
 T - a wand of paralysis (13)
 W - a wand of digging (16)
Scrolls
 f - 3 scrolls of enchant weapon
 g - 3 scrolls of noise
 h - 2 scrolls of amnesia
 j - 4 scrolls of teleportation
 m - 2 scrolls of immolation
 o - 3 scrolls of enchant armour
 p - 2 scrolls of silence
 r - 4 scrolls of fear
 s - 6 scrolls of fog
 B - a scroll of magic mapping
 L - a scroll of brand weapon
 V - a scroll of identify
Potions
 e - 2 potions of might
 i - 9 potions of mutation
 k - a potion of flight
 q - 12 potions of curing
 t - 3 potions of magic
 v - 2 potions of cancellation {unknown}
 z - 3 potions of lignification {unknown}
 A - 2 potions of brilliance
 D - 2 potions of invisibility
 H - 5 potions of heal wounds
 J - 3 potions of haste
 U - a potion of ambrosia
 Y - a potion of resistance
Miscellaneous
 R - a box of beasts
 Z - a lightning rod (4/4)


   Skills:
 + Level 12.2(17.2) Fighting
 + Level 15.3(20.3) Long Blades
 + Level 12.8(17.8) Armour
 + Level 3.9(8.9) Dodging
 + Level 2.6(7.6) Stealth
 + Level 17.3(22.3) Shields
 + Level 1.9 Invocations


You had 12 spell levels left.
You didn't know any spells.
Your spell library contained the following spells:

 Spells                   Type           Power      Damage    Failure   Level
 Foxfire                  Conj/Fire      0%         2x1d4     98%         1
 Kiss of Death            Conj/Necr      0%         2d5       98%         1
 Necrotise                Necr           0%         1d4       98%         1
 Sandblast                Erth           0%         2d4       98%         1
 Passwall                 Tmut/Erth      0%         N/A       99%         2
 Poisonous Vapours        Pois/Air       0%         N/A       99%         2
 Static Discharge         Conj/Air       0%         2-2/arc   99%         2
 Frozen Ramparts          Ice            0%         1d1       100%        3
 Mephitic Cloud           Conj/Pois/Air  0%         N/A       100%        3
 Stone Arrow              Conj/Erth      0%         3d7       100%        3
 Airstrike                Air            0%         2d(0-16)  100%        4
 Ice Form                 Ice/Tmut       0%         N/A       100%        4
 Manifold Assault         Tloc           0%         N/A       100%        4
 Passage of Golubria      Tloc           0%         N/A       100%        4
 Fireball                 Conj/Fire      0%         3d3       100%        5
 Freezing Cloud           Conj/Ice/Air   0%         6-21      100%        5
 Yara's Violent Unravell  Hex/Tmut       0%         3d3       100%        5
 Dispersal                Tloc           0%         N/A       100%        6
 Plasma Beam              Fire/Air       0%         2x1d11    100%        6
 Starburst                Conj/Fire      0%         6d3       100%        6
 Disjunction              Tloc           0%         N/A       100%        8
 Tukima's Dance           Hex            Unusable   N/A       N/A         3
 Summon Ice Beast         Ice/Summ       Unusable   N/A       N/A         4
 Summon Lightning Spire   Summ/Air       Unusable   N/A       N/A         4

Dungeon Overview and Level Annotations

Branches:
Dungeon (12/15)            Temple (1/1) D:5            Lair (4/5) D:10
  Swamp (0/4) Lair:3        Snake (0/4) Lair:3        Slime (0/5) Lair:4
    Orc (0/2) D:9         Ossuary (visited)         Volcano (visited)
Gauntlet (visited)

Altars:
Ashenzari
Cheibriados
Dithmenos
Elyvilon
Fedhas
Gozag
Hepliaklqana
Kikubaaqudgha
Makhleb
Nemelex Xobeh
Okawaru
Qazlal
Ru
Sif Muna
Trog
Uskayaw
Vehumet
Wu Jian
Xom
Yredelemnul
Zin
The Shining One
Jiyva

Shops:
D:5 (   D:9 [*

Annotations:
D:9 4 transporters
D:11 Rupert


Innate Abilities, Weirdness & Mutations

You have a pair of horns on your head.
You reflexively headbutt those who attack you in melee.


Message History

The two-headed ogre is moderately wounded.
Rupert hits you with a +3 great sword of electrocution!!!
You block the orc's attack.
Unknown command.
You slash the two-headed ogre! You freeze the two-headed ogre.
The two-headed ogre is heavily wounded.
You block the two-headed ogre's attack. The two-headed ogre closely misses you.
Rupert hits you with a +3 great sword of electrocution!
You block the orc's attack.
You hit the two-headed ogre. You freeze the two-headed ogre.
You headbutt the two-headed ogre.
The two-headed ogre is severely wounded.
Rupert hits you with a +3 great sword of electrocution!!
You hit the two-headed ogre but do no damage.
The two-headed ogre is severely wounded.
You block Rupert's attack. You block the orc's attack.
The two-headed ogre hits you but does no damage.
You block the two-headed ogre's attack.
You hit the two-headed ogre. You freeze the two-headed ogre.
The two-headed ogre is severely wounded.
You block Rupert's attack. You block the orc's attack.
Unknown command.
You hit the two-headed ogre. You freeze the two-headed ogre.
The two-headed ogre is almost dead.
You block Rupert's attack. You block the two-headed ogre's attack.
The two-headed ogre hits you but does no damage.
Unknown command.
You slash the two-headed ogre! You freeze the two-headed ogre.
You kill the two-headed ogre!
Okawaru accepts your kill. Rupert barely misses you. You furiously retaliate!
You headbutt Rupert. You block the orc's attack.
Unknown command.
As you read the scroll of teleportation, it crumbles to dust.
You feel strangely unstable.
Rupert hits you with a +3 great sword of electrocution!!
* * * LOW HITPOINT WARNING * * *
You block the orc's attack.
Rupert hits you with a +3 great sword of electrocution.
You die...

###.#.#...)...)............##.#.
#...........###...........##..#.
##...<.....####...............##
#..#............#.........#..##
#####.###......#..........##...
#####..###......#...(.....<.#...
##......##......................#
#......###.......)............#..
##..#...........@............##..
#####....##...@o........#.####..
##.....##.#.#......##.#####...
#.......#.###......##...##....
#.......#.#.)[...#####..#..#..
#....##......[......###...##..
###..#..###.[........###..##>.
###.......#..........####.###..
###........................>.....


You could see Rupert (berserk) and an orc.

Vanquished Creatures
  Gastronok (Lair:2)
  A quicksilver ooze (Gauntlet)
  A minotaur (Gauntlet)
  A red draconian (Volcano)
  3 hydras
  4 two-headed ogres
  3 centaur warriors
  A boulder beetle (D:7)
  Amaemon (Lair:3)
  A salamander mystic (Volcano)
  A bog body (Lair:3)
  A wizard (Gauntlet)
  An ugly thing (D:7)
  6 salamanders (Volcano)
  3 manticores
  A worldbinder (Gauntlet)
  3 black mambas
  7 elephants
  3 gargoyles
  An orange demon (Lair:3)
  A torpor snail (Lair:2)
  A minotaur zombie (Gauntlet)
  2 unseen horrors
  A rime drake (Lair:3)
  7 cane toads
  An efreet (Gauntlet)
  4 komodo dragons
  2 trolls
  3 polar bears
  3 blink frogs (Lair:2)
  A shadow (D:10)
  2 wraiths
  3 wyverns
  Eustachio (D:5)
  A vampire (D:7)
  29 yaks
  3 basilisks
  3 chaos spawn (Gauntlet)
  7 steam dragons
  A fire elemental (Gauntlet)
  A neqoxec (Gauntlet)
  Edmund (D:6)
  3 nagas (Lair:3)
  4 hell hounds
  10 water moccasins
  2 acid dragons
  2 black bears
  5 sky beasts
  2 ice beasts
  7 orc warriors
  A hornet zombie (Ossuary)
  15 wolves
  2 ogres
  A boggart (Gauntlet)
  12 centaurs
  2 kobold brigands
  Blork the orc (D:5)
  6 bullfrogs
  5 wights (D:8)
  9 killer bees
  2 electric eels
  6 howler monkeys
  3 bullfrog zombies (Ossuary)
  A gnoll bouda (D:8)
  3 hounds
  A jelly (D:5)
  9 orc priests
  An iguana (D:7)
  3 sleepcaps
  Jessica (D:3)
  15 mummies (Ossuary)
  Natasha (thrice) (D:3)
  13 orc wizards
  3 killer bee zombies (Ossuary)
  13 gnolls
  11 adders
  3 shadow imps (Gauntlet)
  4 white imps
  4 worms
  A dart slug (D:2)
  34 orcs
  6 endoplasms
  2 giant cockroaches (D:1)
  3 goblins
  8 hobgoblins
  8 jackals
  3 quokkas
  5 ball pythons
  3 frilled lizards
  11 kobolds
  10 rats
404 creatures vanquished.

Vanquished Creatures (others)
  A wizard (Gauntlet)
  An orc wizard (D:8)
  A white imp (Gauntlet)
3 creatures vanquished.

Grand Total: 407 creatures vanquished

Notes
Turn   | Place    | Note
-------+----------+-------------------------------------------
     0 | D:1      | Peloso the Minotaur Fighter began the quest for the Orb.
     0 | D:1      | Reached XP level 1. HP: 19/19 MP: 0/0
   253 | D:1      | Reached XP level 2. HP: 26/27 MP: 1/1
   356 | D:1      | Reached skill level 4 in Shields
   898 | D:2      | Reached XP level 3. HP: 29/33 MP: 2/2
  1545 | D:3      | Noticed Jessica
  1555 | D:3      | Reached XP level 4. HP: 30/40 MP: 3/3
  1563 | D:3      | Killed Jessica
  1572 | D:3      | Got Jessica's Omnibus of Spectres
  1796 | D:3      | Noticed Natasha
  1803 | D:3      | Killed Natasha
  1914 | D:3      | Found a hide-covered altar of Uskayaw.
  2045 | D:3      | Reached XP level 5. HP: 42/46 MP: 4/4
  2100 | D:3      | Reached skill level 1 in Dodging
  2238 | D:3      | Noticed Natasha
  2243 | D:3      | Killed Natasha
  2347 | D:4      | Found a broken altar of Ashenzari.
  2397 | D:4      | Reached skill level 5 in Long Blades
  2747 | D:4      | Reached XP level 6. HP: 47/53 MP: 5/5
  3153 | D:3      | Noticed Natasha
  3167 | D:3      | Killed Natasha
  3199 | D:4      | Reached skill level 5 in Armour
  3236 | D:5      | Entered Level 5 of the Dungeon
  3306 | D:5      | Noticed Blork the orc
  3340 | D:5      | Killed Blork the orc
  3341 | D:5      | Reached skill level 5 in Fighting
  3341 | D:5      | Reached XP level 7. HP: 46/61 MP: 6/6
  3510 | D:5      | Noticed Eustachio
  3519 | D:5      | Found a staircase to the Ecumenical Temple.
  3528 | D:5      | Killed Eustachio
  3529 | D:5      | Reached skill level 5 in Shields
  3534 | Temple   | Entered the Ecumenical Temple
  3585 | Temple   | Became a worshipper of Warmaster Okawaru
  3658 | D:5      | Found Suacramn's Weapon Emporium.
  3971 | D:5      | Found a shimmering altar of Xom.
  4067 | D:6      | Found a snail-covered altar of Cheibriados.
  4067 | D:6      | Found a sacrificial altar of Ru.
  4067 | D:6      | Noticed Edmund
  4094 | D:6      | Killed Edmund
  4095 | D:6      | Reached XP level 8. HP: 40/69 MP: 7/7
  4329 | D:6      | Found an opulent altar of Gozag.
  4354 | D:6      | Found a radiant altar of Vehumet.
  4364 | D:6      | Identified the +3 ring mail "Kiegga" {Rampage rPois rC-
                  | rN+++}
  4481 | D:6      | Reached * piety under Okawaru
  5146 | D:7      | Reached skill level 6 in Shields
  5158 | D:7      | Reached ** piety under Okawaru
  5274 | D:7      | Reached XP level 9. HP: 41/75 MP: 8/8
  5481 | D:7      | Noticed a boulder beetle
  5481 | D:7      | Noticed a manticore
  5481 | D:7      | Noticed a troll
  5498 | D:7      | Killed a manticore
  5499 | D:7      | Reached skill level 10 in Long Blades
  5499 | D:7      | Reached skill level 7 in Shields
  5735 | D:7      | Noticed a gargoyle
  5755 | D:7      | Killed a gargoyle
  5812 | D:8      | Found a sand-covered staircase.
  5818 | D:8      | Noticed a two-headed ogre
  5834 | D:8      | Killed a two-headed ogre
  5834 | D:8      | Reached *** piety under Okawaru
  5836 | Ossuary  | Entered an ossuary
  5993 | Ossuary  | Reached skill level 8 in Shields
  6221 | Ossuary  | Reached XP level 10. HP: 86/86 MP: 9/9
  6830 | D:9      | Found a shadowy altar of Dithmenos.
  6916 | D:9      | Received a gift from Okawaru
  7011 | D:9      | Reached skill level 9 in Shields
  7099 | D:9      | Found a transporter.
  7144 | D:9      | Found a transporter.
  7149 | D:9      | Found a transporter.
  7243 | D:9      | Found a transporter.
  7264 | D:9      | Reached **** piety under Okawaru
  7320 | D:9      | Found Ninatei's Armour Boutique.
  7324 | D:9      | Found a staircase to the Orcish Mines.
  7409 | D:9      | Noticed a two-headed ogre
  7422 | D:9      | Killed a two-headed ogre
  7545 | D:9      | Found Bogaf's Elemental Accessories.
  7701 | D:9      | Found a white marble altar of Elyvilon.
  7733 | D:10     | Entered Level 10 of the Dungeon
  7774 | D:10     | Found a blossoming altar of Fedhas.
  7856 | D:10     | Found a staircase to the Lair.
  7856 | D:10     | Noticed an elephant
  7885 | D:9      | Killed an elephant
  7886 | D:9      | Reached skill level 10 in Shields
  8349 | D:10     | Received a gift from Okawaru
  8350 | D:10     | Reached XP level 11. HP: 66/95 MP: 10/10
  8434 | D:10     | Noticed a two-headed ogre
  8444 | D:10     | Killed a two-headed ogre
  8614 | D:10     | Reached skill level 11 in Shields
  8807 | D:10     | Found a hazy altar of Hepliaklqana.
  8890 | D:11     | Reached ***** piety under Okawaru
  9667 | D:10     | Reached skill level 10 in Armour
  9822 | D:10     | Reached skill level 12 in Shields
 10017 | D:11     | Noticed a centaur warrior
 10109 | D:10     | Killed a centaur warrior
 10254 | D:11     | Identified the +1 falchion of Dapelof {venom, Will+ Str+7
                  | Int-2 Dex-4}
 10694 | D:8      | Found a shimmering blue altar of Sif Muna.
 10739 | D:8      | Reached skill level 1 in Stealth
 10887 | D:8      | Identified the +0 plate armour of Inliups {+Blink rF++ rC-
                  | Will+} (Okawaru gifted it to you on level 8 of the Dungeon)
 10887 | D:8      | Received a gift from Okawaru
 10903 | D:8      | Noticed a centaur warrior
 10918 | D:8      | Noticed an eight-headed hydra
 10941 | D:8      | Killed a centaur warrior
 10942 | D:8      | Reached skill level 1 in Invocations
 10952 | D:8      | Killed a four-headed hydra
 10953 | D:8      | Reached skill level 13 in Shields
 10973 | D:8      | Reached XP level 12. HP: 41/106 MP: 11/11
 11215 | D:8      | Noticed a centaur warrior
 11227 | D:8      | Killed a centaur warrior
 11665 | D:7      | Killed a boulder beetle
 11760 | D:7      | Found a glowing golden altar of the Shining One.
 12090 | D:7      | Reached skill level 14 in Shields
 12495 | Lair:1   | Entered Level 1 of the Lair of Beasts
 12634 | Lair:1   | Reached skill level 10 in Fighting
 13680 | Lair:2   | Received a gift from Okawaru
 13774 | Lair:2   | Found a dark tunnel.
 13800 | Volcano  | Entered a volcano
 13873 | Volcano  | Reached skill level 15 in Shields
 13878 | Volcano  | Found a bloodstained altar of Trog.
 13879 | Volcano  | Noticed a red draconian
 14109 | Volcano  | Killed a red draconian
 14109 | Volcano  | Received a gift from Okawaru
 14421 | Lair:2   | Reached XP level 13. HP: 95/116 MP: 12/12
 14506 | Lair:2   | Noticed Gastronok
 14526 | Lair:2   | Killed Gastronok
 15349 | Lair:2   | Reached skill level 16 in Shields
 15395 | Lair:2   | Identified the +6 dagger of Plunder {flame, rElec rPois
                  | Will++ Dex-5}
 15541 | Lair:3   | Reached skill level 15 in Long Blades
 15541 | Lair:3   | Noticed Amaemon
 15766 | Lair:3   | Killed Amaemon
 15976 | Lair:3   | Found a staircase to the Swamp.
 16010 | Lair:3   | Found a staircase to the Snake Pit.
 16311 | Lair:3   | Identified the +5 rapier of Nice Honour {spect, Fly}
 17026 | Lair:3   | You fall into a shaft and drop 1 floor!
 17059 | Lair:4   | Identified the +3 falchion "Ylom" {freeze, rElec rN+ rCorr
                  | Int-4 Stlth+}
 17087 | Lair:4   | Found a gate leading to a gauntlet.
 17096 | Gauntlet | Entered a Gauntlet
 17096 | Gauntlet | Found a transporter.
 17103 | Gauntlet | Found a transporter.
 17106 | Gauntlet | Found a transporter.
 17107 | Gauntlet | Found a transporter.
 17118 | Gauntlet | Found a transporter.
 17118 | Gauntlet | Found a transporter.
 17119 | Gauntlet | Found a transporter.
 17127 | Gauntlet | Found a transporter.
 17130 | Gauntlet | Found a transporter.
 17131 | Gauntlet | Found a transporter.
 17142 | Gauntlet | Found a transporter.
 17143 | Gauntlet | Found a transporter.
 17147 | Gauntlet | Noticed a quicksilver ooze
 17152 | Gauntlet | Found a transporter.
 17175 | Gauntlet | Found a transporter.
 17781 | Abyss:2  | Cast into level 2 of the Abyss (a wizard)
 17789 | Abyss:2  | Found a corrupted altar of Lugonu.
 17790 | Abyss:2  | Found a corrupted altar of Lugonu.
 17802 | Gauntlet | Escaped the Abyss
 17974 | Gauntlet | Reached skill level 17 in Shields
 18065 | Gauntlet | Killed a quicksilver ooze
 18222 | Gauntlet | Identified the +8 flail "Zic Ink" {freeze, rPois Will-
                  | Int+5 Stlth+}
 18222 | Gauntlet | Noticed a minotaur
 18241 | Gauntlet | Killed a minotaur
 18321 | Lair:4   | Found a staircase to the Slime Pits.
 18321 | Lair:4   | Found a viscous altar of Jiyva.
 19291 | D:12     | Noticed Rupert
 19295 | D:12     | Paralysed by Rupert for 4 turns
 19339 | D:11     | Slain by Rupert

Illustrated notes

Levels and vault maps discovered:
D:1:      wander_arrival_estate, layout_loops_corners
D:2:      layout_rooms
D:3:      minmay_chambers_of_threes, layout_loops_ring,
          mainiacjoe_overflow_concentric_impassable, kennysheep_jessica_study,
          uniq_natasha
D:4:      layout_loops_ring, nicolae_overflow_crystal_walls
D:5:      layout_layer_cave, mainiacjoe_overflow_alcove_1,
          minmay_temple_entry_ruins, kennysheep_small_circle,
          uniq_blork_the_orc, uniq_eustachio
D:6:      layout_basic, mainiacjoe_overflow_small_starburst,
          cheibriados_altar_2, mainiacjoe_overflow_two_lobes, uniq_edmund
D:7:      layout_basic, lemuel_tele_altar, minmay_shattered_shrine
D:8:      nzn_winding_woodlands_medium [nzn_winding_woodlands_5x5_open_star,
          nzn_winding_woodlands_5x15_sawtooth, nzn_winding_woodlands_5x5_cross,
          nzn_winding_woodlands_5x5_perimeter,
          nzn_winding_woodlands_center_triple_pond,
          nzn_winding_woodlands_5x5_checkerboard,
          nzn_winding_woodlands_5x5_default, nzn_winding_woodlands_5x15_pool,
          nzn_winding_woodlands_5x5_default], layout_basic,
          nicolae_sif_muna_condensation, nicolae_ossuary_entry_ruins
D:9:      layout_roguey, grunt_dithmenos_smoke, kennysheep_little_box,
          orc_david_3, kennysheep_cross_bottleneck, nicolae_elemental_shop,
          nicolae_diode_intersection
D:10:     layout_loops_ring, fedhas_altar_1, kennysheep_mini_moat,
          david_lair_generic
D:11:     layout_cave_pools
D:12:     layout_gridville, chequers_serial_rivers_micro_c, uniq_rupert
Temple:   compressed_dpeg_triangle_lava_temple
Lair:1:   layout_cave_pods, lemuel_fruit_tree
Lair:2:   cheibrodos_lair_river_kwai, layout_regular_city, enter_volcano_3,
          serial_bayou_shore_a, grunt_megastairs_4, uniq_gastronok
Lair:3:   layout_gridlike, skrybe_swamp_entry_bodies,
          nicolae_snake_entry_squirm, bh_autumn_forest_stairs,
          serial_bayou_shore_b, uniq_amaemon
Lair:4:   layout_concentric_octagons, slime_entry_1, gauntlet_entry_generic

Skill      XL: |  1  2  3  4  5  6  7  8  9 10 11 12 13 |
---------------+----------------------------------------+-----
Shields        | 4 5 6 8 10 13 15 17 | 17.3
Armour         | 4 5 6 7 9 10 11 12 | 12.8
Long Blades    | 3 4 5 6 8 9 11 12 14 15 | 15.3
Fighting       | 4 5 6 7 8 9 11 12 | 12.2
Dodging        | 1 2 3 |  3.9
Stealth        | 1 2 |  2.6
Invocations    | 1 |  1.9

Action                     |  1- 3 |  4- 6 |  7- 9 | 10-12 | 13-15 || total
---------------------------+-------+-------+-------+-------+-------++-------
  Melee: Long sword        |    89 |   149 |    86 |       |       ||   324
         Headbutt          |     8 |    29 |    74 |   267 |   155 ||   533
         Falchion          |       |       |   209 |  1039 |   526 ||  1774
 Invoke: Heroism           |       |       |     3 |    14 |    12 ||    29
         Finesse           |       |       |       |       |     1 ||     1
    Use: Potion            |     1 |       |       |     5 |     7 ||    13
         Scroll            |     3 |     2 |     5 |    10 |     7 ||    27
   Stab: Invisible         |       |       |       |       |     3 ||     3
 Armour: Scale mail        |    39 |    38 |       |       |       ||    77
         Plate armour      |       |    69 |   154 |   443 |   271 ||   937
  Dodge: Dodged            |    46 |    64 |    80 |   196 |   154 ||   540
  Block: Buckler           |    24 |    51 |     1 |       |       ||    76
         Kite shield       |       |       |   117 |   738 |   471 ||  1326
         Reflection        |       |       |       |    60 |     9 ||    69
